 Dungeon Crawl Stone Soup version 0.31.0-11-ge490571c62 (webtiles) character file.

Game seed: 12658263928531216962

11 BridgetMcLeod the Digger (level 2, 0/19 HPs)
             Began as a Human Earth Elementalist on Feb 4, 2024.
             Succumbed to an adder's poison
             ... on level 2 of the Dungeon.
             The game lasted 00:00:52 (105 turns).

BridgetMcLeod the Digger (Human Earth Elementalist)  Turns: 105, Time: 00:00:52

Health: 0/19       AC:  2    Str:  8    XL:     2   Next: 29%
Magic:  0/5        EV: 12    Int: 15    God:
Gold:   0          SH:  0    Dex: 13    Spells: 4/5 levels left

rFire   . . .        (no weapon)
rCold   . . .        (no shield)
rNeg    . . .        a - +0 robe
rPois   .            (no helmet)
rElec   .            (no cloak)
rCorr   .            (no gloves)
SInv    .            (no boots)
Will    .....        (no amulet)
Stlth   ++           (no ring)
HPRegen 0.23/turn    (no ring)
MPRegen 0.09/turn

%: no passive effects
@: lethally poisoned (0 -> -2)
A: explore regen
a: no special abilities


You were on level 2 of the Dungeon.
You visited 1 branch of the dungeon, and saw 2 of its levels.

Inventory:

Armour
 a - a +0 robe (worn)


   Skills:
 * Level 0.1 Fighting
 * Level 0.1 Armour
 * Level 2.0 Dodging
 * Level 2.0 Stealth
 * Level 2.1 Spellcasting
 * Level 1.2 Conjurations
 * Level 3.2 Earth Magic


You had 4 spell levels left.
You knew the following spells:

 Your Spells              Type           Power      Damage    Failure   Level
a - Sandblast             Erth           22%        2d7       6%          1

Your spell library contained the following spells:

 Spells                   Type           Power      Damage    Failure   Level
 Passwall                 Erth           11%        N/A       17%         3
 Stone Arrow              Conj/Erth      16%        3d8       26%         3
 Brom's Barrelling Bould  Conj/Erth      8%         2d3       65%         4
 Petrify                  Alch/Erth      6%         N/A       73%         4


Dungeon Overview and Level Annotations

Branches:
Dungeon (1/15)

Altars:


Innate Abilities, Weirdness & Mutations

You regain HP and MP as you explore.


Message History

The adder barely misses you. The adder bites you.
Aiming: Sandblast (safe; 6% risk of failure)
Press: ? - help, Q - select action Shift-Dir - straight line, f/p - adder
Aim: an adder (moderately wounded, 70% to hit)
You miscast Sandblast.
You are very lightly contaminated with residual magic.
Nothing appears to happen.
The adder completely misses you.
Aiming: Sandblast (safe; 6% risk of failure)
Press: ? - help, Q - select action Shift-Dir - straight line, f/p - adder
Aim: an adder (moderately wounded, 70% to hit)
The blast of sand hits the adder.
The adder is almost dead.
The adder barely misses you. The adder bites you. The adder bites you. x2
* * * LOW HITPOINT WARNING * * *
The adder attacks as it pursues you! The adder barely misses you.
Your magical contamination has completely faded away.
The adder misses you. The adder bites you. The adder attacks as it pursues you!
The adder misses you. The adder bites you.
* * * LOW HITPOINT WARNING * * *
You are lethally poisoned!
The adder poisons you!
Aiming: Sandblast (safe; 6% risk of failure)
Press: ? - help, Q - select action Shift-Dir - straight line, f/p - adder
Aim: an adder (almost dead, 70% to hit)
The blast of sand hits the adder.
You kill the adder!
* * * LOW HITPOINT WARNING * * *
You feel sick.
You have reached level 2!
You aren't carrying any potions.
Unknown command.
You aren't carrying any scrolls.
Unknown command.
Okay, then.
* * * LOW HITPOINT WARNING * * *
You feel sick.
You die...

## ### #. #.##### #.
#.....# #. #.###.# ##.
#.###'## #.. #.##.).#
#.. #@##...# ##..
##.##...########...
######..###.........'...
#.......# ##.########...
#$####### ### #... #.#
#... #.# #### #.# #.#


There were no monsters in sight!

Vanquished Creatures
  An adder (D:2)
  A ball python (D:1)
  2 rats (D:1)
4 creatures vanquished.

Notes
Turn   | Place    | Note
-------+----------+-------------------------------------------
     0 | D:1      | BridgetMcLeod the Human Earth Elementalist began the quest
                  | for the Orb.
     0 | D:1      | Reached XP level 1. HP: 13/13 MP: 3/3
    44 | D:1      | You fall into a shaft and drop 1 floor!
   104 | D:2      | Reached XP level 2. HP: 2/19 MP: 0/5
   105 | D:2      | Succumbed to an adder's poison

Illustrated notes

Levels and vault maps discovered:
D:1:      erik_arrival_cave_to_civilisation [erik_arrival_cave_to_temple],
          layout_basic, serial_shops, nicolae_shop_tiny_glass,
          nicolae_book_shop_shelving, nicolae_shop_mannequins,
          nicolae_shop_just_a_little_nook, minmay_lizard_king
D:2:      layout_basic, kennysheep_generic_room_2

Action                     || total
---------------------------++-------
   Cast: Sandblast         ||     7
    Use: Potion            ||     1
 Armour: Robe              ||     7
  Dodge: Dodged            ||    10
